 Dungeon Crawl Stone Soup version 0.27.1-2-g3b301248ec (webtiles) character file.

Game seed: 3034407694881359168

62 Borgoz the Skirmisher (level 4, -3/40 HPs)
             Began as a Hill Orc Monk on Sept 28, 2021.
             Slain by a gnoll (5 damage)
             ... on level 2 of the Dungeon.
             The game lasted 00:02:02 (2471 turns).

Borgoz the Skirmisher (Hill Orc Monk)               Turns: 2471, Time: 00:02:03

Health: -3/40      AC:  7    Str: 13    XL:     4   Next: 8%
Magic:  4/4        EV:  9    Int: 10    God:
Gold:   33         SH:  3    Dex: 14    Spells: 3/3 levels left

rFire    . . .     SeeInvis .   a - +0 falchion
rCold    . . .     Faith    .   j - +0 buckler
rNeg     . . .     Spirit   .   l - +0 scale mail
rPois    .         Reflect  .   (no helmet)
rElec    .         Harm     .   (no cloak)
rCorr    .         Rampage  .   i - +0 pair of gloves
Will     .....                  (no boots)
Stlth    ..........             (no amulet)
HPRegen  0.13/turn              (no ring)
MPRegen  0.09/turn              (no ring)

@: on berserk cooldown, slowed, very slow
A: no striking features
a: no special abilities


You were on level 2 of the Dungeon.
You visited 1 branch of the dungeon, and saw 2 of its levels.

You collected 33 gold pieces.

Inventory:

Hand Weapons
 a - a +0 falchion (weapon)
Armour
 i - a +0 pair of gloves (worn)
 j - a +0 buckler (worn)
 l - a +0 scale mail (worn)
Scrolls
 g - a scroll of teleportation {unknown}
 h - 5 scrolls of identify {unknown}
Potions
 f - a potion of resistance {unknown}
 k - a potion of lignification {unknown}


   Skills:
 + Level 4.2 Fighting
 + Level 3.8 Long Blades
 + Level 1.6 Armour
 + Level 2.8 Dodging
 - Level 1.5 Stealth
 + Level 0.6 Shields


You had 3 spell levels left.
You didn't know any spells.
Your spell library contained the following spells:

 Spells                   Type           Power      Damage    Failure   Level
 Call Canine Familiar     Summ           0%         N/A       100%        3
 Portal Projectile        Hex/Tloc       0%         N/A       100%        3
 Leda's Liquefaction      Hex/Erth       0%         N/A       100%        4
 Fireball                 Conj/Fire      0%         3d3       100%        5
 Freezing Cloud           Conj/Ice/Air   0%         6-21      100%        5
 Simulacrum               Ice/Necr       0%         N/A       100%        6
 Starburst                Conj/Fire      0%         6d3       100%        6
 Ignition                 Fire           0%         3d3       100%        8
 Polar Vortex             Ice            0%         N/A       100%        9


Dungeon Overview and Level Annotations

Branches:
Dungeon (2/15)

Altars:


Message History

You feel a strong urge to attack something.
The gnoll closely misses you.
You slash the gnoll!
The gnoll is heavily wounded.
The gnoll hits you with a +0 spear.
You hit the gnoll.
The gnoll is almost dead.
You slash the gnoll!
You kill the gnoll!
You slash the gnoll!
You kill the gnoll!
The gnoll throws a throwing net.
The throwing net hits you.
You become entangled in the net!
You have reached level 4!
You struggle against the net.
You struggle against the net.
You feel a strong urge to attack something.
You struggle against the net.
You are no longer berserk.
You are exhausted.
You feel yourself slow down.
You rip the net and break free!
The hobgoblin hits you. The hobgoblin barely misses you.
You hit the hobgoblin but do no damage. The hobgoblin closely misses you.
The hobgoblin barely misses you.
You riposte.
You hit the hobgoblin.
You kill the hobgoblin!
The gnoll barely misses you. The gnoll closely misses you.
You riposte.
You barely miss the gnoll. You block the gnoll's attack.
The gnoll closely misses you.
You riposte.
You barely miss the gnoll.
Items here: )) ††.
You hit the gnoll.
The gnoll is lightly wounded.
You block the gnoll's attack. The gnoll hits you with a +0 flail!
* * * LOW HITPOINT WARNING * * *
The gnoll hits you from afar with a +0 spear.
* * * LOW HITPOINT WARNING * * *
You hit the gnoll.
The gnoll is lightly wounded.
The gnoll hits you with a +0 flail.
You die...

##############....#
#...#
##..÷.............##
###.##
.'...............##
##.## .#..............##
##.### .################
##... #.#####.##.# ##
##.... ........##.# .. #
##.....
..####...#.#######.#...#
#......
..'.............@gg.....
+......
..####...#.#######.#...#
#...... .## ##.##)# # #
##..... ## ####.# ##....
# #.# ##... #### #.#
##'# ...# #.# #.# ##.#
#.# ######.# ##.###
#.......


You could see 2 gnolls.

Vanquished Creatures
  2 gnolls (D:2)
  A dart slug (D:1)
  5 ball pythons
  3 endoplasms (D:1)
  A giant cockroach (D:2)
  5 goblins
  4 hobgoblins
  2 jackals (D:2)
  3 quokkas
  4 bats
  A frilled lizard (D:1)
  4 kobolds
  A rat (D:2)
36 creatures vanquished.

Notes
Turn   | Place    | Note
-------+----------+-------------------------------------------
     0 | D:1      | Borgoz the Hill Orc Monk began the quest for the Orb.
     0 | D:1      | Reached XP level 1. HP: 19/19 MP: 1/1
   522 | D:1      | Reached XP level 2. HP: 27/27 MP: 2/2
   744 | D:1      | Reached skill level 1 in Armour
   840 | D:1      | Found a faded altar of an unknown god.
   863 | D:1      | Reached skill level 4 in Fighting
  1108 | D:1      | Reached XP level 3. HP: 29/33 MP: 3/3
  2464 | D:2      | Reached XP level 4. HP: 26/40 MP: 4/4
  2470 | D:2      | HP: 2/40 [gnoll (1)]
  2471 | D:2      | Slain by a gnoll

Illustrated notes

Levels and vault maps discovered:
D:1:      minmay_arrival_jagged, layout_loops_ring,
          ebering_ecumenical_altar_webs, wander_ebering_terrifying_dragon_lair
D:2:      layout_loops_corners, nrook_uturn

Skill      XL: |  1  2 |
---------------+-------+-----
Armour         | 1 |  1.6
Fighting       | 4 |  4.2
Long Blades    | |  3.8
Dodging        | |  2.8
Stealth        | |  1.5
Shields        | |  0.6

Action                   |  1- 3 |  4- 6 || total
-------------------------+-------+-------++-------
Melee: Falchion          |   132 |     3 ||   135
  Use: Potion            |     3 |       ||     3
 Stab: Sleeping          |     5 |       ||     5
Armor: Robe              |    15 |       ||    15
       Scale mail        |     6 |       ||     6
Dodge: Dodged            |    94 |     6 ||   100
Block: Buckler           |     8 |     2 ||    10
       Rpst.: Falchion   |    28 |     3 ||    31
